 Dungeon Crawl Stone Soup version 0.28.0-53-g5a82cb258f (webtiles) character file.

Game seed: 11835161177816540930

346 KamiKatze the Chopper (level 6, 0/38 HPs)
             Began as a Gargoyle Berserker on June 6, 2022.
             Was a Believer of Trog.
             Frozen to death by an endoplasm (5 damage)
             ... on level 4 of the Dungeon.
             The game lasted 00:10:36 (2898 turns).

KamiKatze the Chopper (Gargoyle Berserker)          Turns: 2898, Time: 00:10:36

Health: 0/38       AC: 12    Str: 23    XL:     6   Next: 59%
Magic:  6/6        EV: 11    Int:  7    God:    Trog [**....]
Gold:   133        SH:  0    Dex:  9    Spells: 5/5 levels left

rFire   . . .      SeeInvis .   a - +0 hand axe
rCold   . . .      Faith    .   (no shield)
rNeg    + . .      Spirit   .   p - +0 ring mail
rPois   ∞          Reflect  .   (no helmet)
rElec   +          Harm     .   h - +0 cloak
rCorr   .          Rampage  .   c - +0 pair of gloves
Will    +....                   (no boots)
Stlth   ..........              (no amulet)
HPRegen 1.12/turn               (no ring)
MPRegen 0.10/turn               (no ring)

@: weak-willed, strong-willed, on berserk cooldown, regenerating, slowed, very
slow
A: sickness immunity, AC +4, negative energy resistance 1, electricity
resistance, torment resistance 1, petrification resistance
a: Renounce Religion, Berserk, Trog's Hand


You were on level 4 of the Dungeon.
You worshipped Trog.
Trog was pleased with you.
You visited 1 branch of the dungeon, and saw 4 of its levels.
You also visited: Sewer.

You collected 133 gold pieces.

Inventory:

Hand Weapons
 a - a +0 hand axe (weapon)
 i - a +1 dagger of venom
Missiles
 b - 83 stones (quivered)
 e - 11 poisoned darts
 l - a curare-tipped dart
Armour
 c - a +0 pair of gloves (worn)
 h - a +0 cloak (worn)
 p - a +0 ring mail (worn)
Wands
 k - a wand of acid (9)
Potions
 m - 2 potions of flight
 n - a potion of heal wounds
 o - 2 potions of curing


   Skills:
 - Level 4.0 Fighting
 + Level 5.9 Axes
 - Level 3.0 Armour
 - Level 2.0 Dodging


You had 5 spell levels left.
You didn't know any spells.
Your spell library was empty.

Dungeon Overview and Level Annotations

Branches:
Dungeon (4/15)              Sewer (visited)
 Temple: D:4-7

Altars:

Shops:
D:3 *


Innate Abilities, Weirdness & Mutations

You are immune to sickness and miasma.
Your stone body is resilient. (AC +4)
You are immune to poison.
You resist negative energy. (rN+)
You are resistant to electric shocks. (rElec)
You are resistant to unholy torment.
You are immune to petrification.


Message History

The goblin closely misses you.
The howler monkey hits you but does no damage.
The adder barely misses you. The howler monkey barely misses you.
The goblin hits you but does no damage.
An endoplasm comes into view.
The endoplasm quivers.
The goblin hits you but does no damage. The orc hits you with a +0 flail!
* * * LOW HITPOINT WARNING * * *
The adder misses you.
The howler monkey hoots and howls with incredible vigour!
You hear an angry hiss.
Your skin crawls.
You feel strong-willed. The adder bites you but does no damage.
The goblin closely misses you. The orc hits you but does no damage.
The orc priest looks braver for a moment.
The howler monkey barely misses you. The adder misses you.
The goblin hits you with a +0 club.
* * * LOW HITPOINT WARNING * * *
Found 10 gold pieces.
The goblin hits you but does no damage.
The howler monkey hits you but does no damage.
The endoplasm misses you.
You hit the endoplasm.
The endoplasm is moderately wounded.
You hit the orc. You hit the howler monkey.
You hit the goblin but do no damage. The howler monkey barely misses you.
The goblin hits you but does no damage. The orc hits you but does no damage.
The endoplasm freezes you.
You are frozen.
* * * LOW HITPOINT WARNING * * *
The howler monkey barely misses you. The goblin closely misses you.
The orc barely misses you.
You hit the endoplasm.
The endoplasm is severely wounded.
You barely miss the goblin. You closely miss the howler monkey.
You hit the orc.
The howler monkey hoots and howls with incredible vigour!
The endoplasm freezes you.
You are frozen.
You die...

♣ +##.. ...# ....#
#+###....# #oo@J....#
#ohg#....# ..........#oZS#
...# ..<.......#.Ko# .$#
..........+...# .#
..........#...# #
..........#...# .........
.....o....#..## .........
......KS$.#..###+##.......


You could see a howler monkey (catching breath), an orc priest, an adder
(weak-willed), 4 orcs, an endoplasm, a goblin, a kobold and a hound skeleton
(weak-willed).

Vanquished Creatures
  2 kobold brigands (Sewer)
  A hound (D:4)
  An orc priest (D:4)
  A gnoll (D:1)
  A river rat (D:3)
  3 adders
  3 worms
  3 dart slugs
  4 orcs
  7 ball pythons
  2 endoplasms
  3 giant cockroaches
  7 goblins
  3 hobgoblins (D:1)
  10 jackals
  15 kobolds
  2 quokkas
  6 bats
  9 rats
83 creatures vanquished.

Notes
Turn   | Place    | Note
-------+----------+-------------------------------------------
     0 | D:1      | KamiKatze the Gargoyle Berserker began the quest for the
                  | Orb.
     0 | D:1      | Reached XP level 1. HP: 14/14 MP: 1/1
   315 | D:1      | Reached XP level 2. HP: 14/19 MP: 2/2
   608 | D:1      | Reached skill level 3 in Axes
   706 | D:1      | Reached XP level 3. HP: 11/23 MP: 3/3
  1236 | D:2      | Reached XP level 4. HP: 22/29 MP: 4/4
  1538 | D:2      | Reached ** piety under Trog
  1783 | D:3      | Found a faded altar of an unknown god.
  1908 | D:3      | Found a glowing drain.
  1922 | D:3      | Reached skill level 4 in Axes
  1960 | Sewer    | Entered a sewer
  2040 | Sewer    | Noticed a kobold brigand
  2058 | Sewer    | Reached XP level 5. HP: 30/33 MP: 5/5
  2087 | Sewer    | Noticed a kobold brigand
  2110 | Sewer    | Killed a kobold brigand
  2114 | Sewer    | Killed a kobold brigand
  2115 | Sewer    | Reached skill level 5 in Axes
  2115 | Sewer    | Reached XP level 6. HP: 8/38 MP: 6/6
  2222 | Sewer    | Found a white marble altar of Elyvilon.
  2348 | D:3      | Found Isida's General Store.
  2898 | D:4      | Frozen to death by an endoplasm

Illustrated notes

Levels and vault maps discovered:
D:1:      tarquinn_simple_flora_water_e, layout_loops_ring,
          serial_co_window_serial, co_window_of_opportunity_a,
          co_window_corner_a, co_window_paths_b, co_window_paths_b,
          co_window_of_opportunity_a, co_window_paths_b, co_window_cross_1,
          co_window_paths_a, co_window_corner_a, co_window_2corner,
          co_window_2corner, co_window_2corner, co_window_corner_cb,
          co_window_broadway_c, co_window_of_opportunity_b, glass_columns_c,
          glass_columns_a, glass_columns_a, glass_columns_b, glass_columns_c
D:2:      layout_rooms
D:3:      wander_river, layout_loops_ring, serial_shops, shop,
          portal_sewer_entry_b, shapermc_ecumenical_altar_notcrosses
D:4:      layout_gridville, nrook_campfire, minivault_4

Skill      XL: |  1  2  3  4  5 |
---------------+----------------+-----
Axes           | 3 4 5 |  5.9
Dodging        | 2 |  2.0
Armour         | 3 |  3.0
Fighting       | 4 |  4.0

Action                   |  1- 3 |  4- 6 || total
-------------------------+-------+-------++-------
Melee: Hand axe          |   114 |   163 ||   277
Throw: Stone             |     4 |     6 ||    10
Invok: Berserk           |     2 |     4 ||     6
       Trog's Hand       |       |     3 ||     3
  Use: Scroll            |       |     7 ||     7
Armor: Animal skin       |    53 |     8 ||    61
       Leather armour    |       |    66 ||    66
       Ring mail         |       |    43 ||    43
Dodge: Dodged            |    97 |   128 ||   225
